TOP OF THE 1ST |
Calgary Cowboys batting - Pitching for Houston Hammertime : LHP Martin White
|
Pitching: LHP Martin White
|
|
Batting: RHB César Rodríguez
|
0-0: SINGLE (Groundball, 56D)
|
Batting: RHB Travis Colbert
|
0-0: Ball 1-0: Ball 2-0: Foul Ball, location: 2F 2-1: Called Strike 2-2: Strikes out swinging
|
Batting: RHB Joe Lewis
|
0-0: Ball 1-0: Ball 2-0: Called Strike 2-1: Foul Ball, location: 2F 2-2: Ball 3-2: Foul Ball, location: 2F 3-2: Foul Ball, location: 2F 3-2: Grounds into double play, 6-4-3 (Groundball, 6M)
|
Top of the 1st over - 0 runs, 1 hit, 0 errors, 0 left on base; Calgary 0 - Houston 0 |
BOTTOM OF THE 1ST |
Houston Hammertime batting - Pitching for Calgary Cowboys : RHP Ron Chapman
|
Pitching: RHP Ron Chapman
|
|
Batting: RHB Jorge Barbosa
|
0-0: Ball 1-0: Ball 2-0: Ball 3-0: Base on Balls
|
Batting: RHB Santo Cruz
|
0-0: Ball 1-0: Ball 2-0: Ball 3-0: Called Strike 3-1: Called Strike 3-2: Strikes out looking
|
Batting: LHB Francisco Cardenas
|
0-0: Swinging Strike 0-1: Foul Ball, location: 2F 0-2: Ball 1-2: Foul Ball, location: 2F 1-2: Ball 2-2: Ball 3-2: Foul Ball, location: 2F 3-2: Foul Ball, location: 2F 3-2: Foul Ball, location: 2F 3-2: Strikes out looking
|
Batting: LHB Marcos Cantú
|
0-0: Foul Ball, location: 2F 0-1: Ball 1-1: Ball 2-1: Fielders Choice at 2nd, U4 (Groundball, 4M)
|
Bottom of the 1st over - 0 runs, 0 hits, 0 errors, 1 left on base; Calgary 0 - Houston 0 |
TOP OF THE 2ND |
Calgary Cowboys batting - Pitching for Houston Hammertime : LHP Martin White
|
Batting: RHB Alfredo Hernández
|
0-0: Called Strike 0-1: Ball 1-1: Ground out 4-3 (Groundball, 4MS)
|
Batting: LHB Dave Watt
|
0-0: Called Strike 0-1: Ground out 6-3 (Groundball, 6)
|
Batting: LHB Anacleto Morillo
|
0-0: Ball 1-0: Ground out 4-3 (Groundball, 4D)
|
Top of the 2nd over - 0 runs, 0 hits, 0 errors, 0 left on base; Calgary 0 - Houston 0 |
BOTTOM OF THE 2ND |
Houston Hammertime batting - Pitching for Calgary Cowboys : RHP Ron Chapman
|
Batting: RHB José García
|
0-0: Foul Ball, location: 2F 0-1: Swinging Strike 0-2: Foul Ball, location: 2F 0-2: Foul Ball, location: 2F 0-2: Ball 1-2: Strikes out swinging
|
Batting: LHB Dave Gordon
|
0-0: Ball 1-0: Swinging Strike 1-1: Called Strike 1-2: Foul Ball, location: 2F 1-2: Ball 2-2: Ball 3-2: Base on Balls
|
Batting: SHB Glenn Vadnais
|
0-0: Ball 1-0: Called Strike Pickoff Throw to First - Out! 1-1: Foul Ball, location: 2F 1-2: Ball 2-2: Fly out, F4 (Popup, 4MS)
|
Bottom of the 2nd over - 0 runs, 0 hits, 0 errors, 0 left on base; Calgary 0 - Houston 0 |
TOP OF THE 3RD |
Calgary Cowboys batting - Pitching for Houston Hammertime : LHP Martin White
|
Batting: RHB Ismael Ortíz
|
0-0: Ball 1-0: Foul Ball, location: 2F 1-1: Ball 2-1: Called Strike 2-2: Fly out, F7 (Flyball, 7)
|
Batting: LHB Miguel Pérez
|
0-0: Called Strike 0-1: Ball 1-1: Called Strike 1-2: Foul Ball, location: 2F 1-2: Ball 2-2: Foul Ball, location: 2F 2-2: Foul Ball, location: 2F 2-2: Ball 3-2: Fly out, F6 (Flyball, 56D)
|
Batting: LHB Bo Rush
|
0-0: Foul Ball, location: 2F 0-1: Ground out U3 (Groundball, 3L)
|
Top of the 3rd over - 0 runs, 0 hits, 0 errors, 0 left on base; Calgary 0 - Houston 0 |
BOTTOM OF THE 3RD |
Houston Hammertime batting - Pitching for Calgary Cowboys : RHP Ron Chapman
|
Batting: RHB Juan Carlos
|
0-0: Ball 1-0: Ball 2-0: Ball 3-0: Called Strike 3-1: Base on Balls
|
Batting: RHB Raúl Salas
|
0-0: Ball Balk! Juan Carlos to second 1-0: Ball 2-0: Called Strike 2-1: Called Strike 2-2: Ball 3-2: Fly out, F9 (Flyball, 9LSF)
|
Batting: RHB Jorge Barbosa
|
0-0: Ball 1-0: Called Strike 1-1: Foul Ball, location: 2F 1-2: SINGLE (Line Drive, 56D) Juan Carlos to third Runner from 3rd tries for Home, SAFE, no throw
|
Batting: RHB Santo Cruz
|
0-0: SINGLE (Groundball, 56D) Jorge Barbosa to second
|
Batting: LHB Francisco Cardenas
|
0-0: Ball Wild Pitch! Jorge Barbosa to third Santo Cruz to second 1-0: Called Strike 1-1: Foul Ball, location: 2F 1-2: Foul Ball, location: 2F 1-2: Ball 2-2: Ball 3-2: SINGLE (Groundball, 34D) Jorge Barbosa scores Santo Cruz to third
|
Batting: LHB Marcos Cantú
|
0-0: Called Strike 0-1: Ball 1-1: Ball 2-1: Fielders Choice at 2nd, 6-4 (Groundball, 6M) Santo Cruz scores
|
Batting: RHB José García
|
0-0: Called Strike 0-1: Called Strike 0-2: Foul Ball, location: 2F 0-2: Ball 1-2: Foul Ball, location: 2F 1-2: Foul Ball, location: 2F 1-2: DOUBLE (Flyball, 8RD) Marcos Cantú to third Runner from 3rd tries for Home, SAFE, no throw
|
Pinch Runner at 2nd Jeffrey Satterley:
|
|
Batting: LHB Dave Gordon
|
0-0: Ball 1-0: Called Strike 1-1: SINGLE (Flyball, 7LS) Jeffrey Satterley to third
|
Batting: SHB Glenn Vadnais
|
0-0: Called Strike 0-1: SINGLE (Line Drive, 9S) Jeffrey Satterley scores Dave Gordon to second Runner from 2nd tries for 3rd, SAFE, throw made to third
|
Batting: RHB Juan Carlos
|
0-0: Ball 1-0: Ball 2-0: Called Strike 2-1: Ball 3-1: Fly out, F4 (Popup, 4M)
|
Bottom of the 3rd over - 5 runs, 6 hits, 0 errors, 2 left on base; Calgary 0 - Houston 5 |
TOP OF THE 4TH |
Calgary Cowboys batting - Pitching for Houston Hammertime : LHP Martin White
|
Now at 3B: Jeffrey Satterley
|
|
Batting: RHB César Rodríguez
|
0-0: SINGLE (Flyball, 8RS)
|
Batting: RHB Travis Colbert
|
0-0: Swinging Strike 0-1: Called Strike 0-2: Foul Ball, location: 2F 0-2: Ball 1-2: Strikes out looking
|
Batting: RHB Joe Lewis
|
0-0: Called Strike 0-1: Foul Ball, location: 2F 0-2: Ball 1-2: Ball 2-2: 2-RUN HOME RUN (Flyball, 7D), Distance : 344 ft
|
Batting: RHB Alfredo Hernández
|
0-0: Foul Ball, location: 2F 0-1: Called Strike 0-2: DOUBLE (Line Drive, 9LS)
|
Batting: LHB Dave Watt
|
0-0: Ground out 3-1 (Groundball, 34S) Alfredo Hernández to third
|
Batting: LHB Anacleto Morillo
|
0-0: Swinging Strike 0-1: SINGLE (Flyball, 7LS) Alfredo Hernández scores
|
Batting: RHB Ismael Ortíz
|
0-0: Ground out 5-3 (Groundball, 56S)
|
Top of the 4th over - 3 runs, 4 hits, 0 errors, 1 left on base; Calgary 3 - Houston 5 |
BOTTOM OF THE 4TH |
Houston Hammertime batting - Pitching for Calgary Cowboys : RHP Ron Chapman
|
Batting: RHB Raúl Salas
|
0-0: Ball 1-0: Foul Ball, location: 2F 1-1: Called Strike 1-2: Fly out, F5 (Line Drive, 5S)
|
Batting: RHB Jorge Barbosa
|
0-0: Called Strike 0-1: Ball 1-1: Foul Ball, location: 2F 1-2: SINGLE (Groundball, 56D)
|
Batting: RHB Santo Cruz
|
0-0: Foul Ball, location: 2F 0-1: Ball 1-1: Ball 2-1: SINGLE (Groundball, 6D) Jorge Barbosa to second
|
Batting: LHB Francisco Cardenas
|
0-0: Ball 1-0: Foul Ball, location: 2F 1-1: Swinging Strike 1-2: Ball 2-2: Ball 3-2: Foul Ball, location: 2F 3-2: Base on Balls Jorge Barbosa to third Santo Cruz to second
|
Pitching: RHP Esteban Alfonzo
|
|
Batting: LHB Marcos Cantú
|
0-0: Ball 1-0: Called Strike 1-1: Foul Ball, location: 2F 1-2: Ball 2-2: GRAND SLAM HOME RUN (Flyball, 89XD), Distance : 472 ft
|
Batting: LHB Jeffrey Satterley
|
0-0: Ball 1-0: Ground out 6-3 (Groundball, 6)
|
Batting: LHB Dave Gordon
|
0-0: Called Strike 0-1: Ball 1-1: Foul Ball, location: 2F 1-2: Foul Ball, location: 2F 1-2: Foul Ball, location: 2F 1-2: Ball 2-2: Fly out, F9 (Flyball, 9LS)
|
Bottom of the 4th over - 4 runs, 3 hits, 0 errors, 0 left on base; Calgary 3 - Houston 9 |
TOP OF THE 5TH |
Calgary Cowboys batting - Pitching for Houston Hammertime : LHP Martin White
|
Batting: RHB Luis Ibarra
|
0-0: Swinging Strike 0-1: Ball 1-1: Foul Ball, location: 2F 1-2: Ground out 4-3 (Groundball, 4)
|
Batting: LHB Bo Rush
|
0-0: Ball 1-0: Called Strike 1-1: Ball 2-1: Swinging Strike 2-2: Ball 3-2: Base on Balls
|
Batting: RHB César Rodríguez
|
0-0: Swinging Strike 0-1: Ball 1-1: Swinging Strike 1-2: Ball 2-2: Strikes out swinging
|
Batting: RHB Travis Colbert
|
0-0: Ball 1-0: Ball 2-0: Ball 3-0: Called Strike 3-1: SINGLE (Groundball, 4MD) Bo Rush to second Runner from 2nd tries for 3rd, SAFE, throw made to third
|
Batting: RHB Joe Lewis
|
0-0: Called Strike 0-1: Swinging Strike 0-2: Foul Ball, location: 2F 0-2: Foul Ball, location: 2F 0-2: Foul Ball, location: 2F 0-2: Strikes out swinging
|
Top of the 5th over - 0 runs, 1 hit, 0 errors, 2 left on base; Calgary 3 - Houston 9 |
BOTTOM OF THE 5TH |
Houston Hammertime batting - Pitching for Calgary Cowboys : RHP Esteban Alfonzo
|
Now in RF: Luis Ibarra
|
|
Batting: SHB Glenn Vadnais
|
0-0: Foul Ball, location: 2F 0-1: Foul Ball, location: 2F 0-2: Foul Ball, location: 2F 0-2: Strikes out swinging
|
Batting: RHB Juan Carlos
|
0-0: Fly out, F8 (Flyball, 8LM)
|
Batting: RHB Raúl Salas
|
0-0: Called Strike 0-1: Ball 1-1: Ball 2-1: Ball 3-1: Called Strike 3-2: Base on Balls
|
Batting: RHB Jorge Barbosa
|
0-0: Called Strike 0-1: Fielders Choice at 2nd, 5-4 (Groundball, 56)
|
Bottom of the 5th over - 0 runs, 0 hits, 0 errors, 1 left on base; Calgary 3 - Houston 9 |
TOP OF THE 6TH |
Calgary Cowboys batting - Pitching for Houston Hammertime : LHP Martin White
|
Batting: RHB Alfredo Hernández
|
0-0: Ground out 6-3 (Groundball, 6)
|
Batting: LHB Dave Watt
|
0-0: Ball 1-0: Foul Ball, location: 2F 1-1: Ball 2-1: Swinging Strike 2-2: Fly out, F8 (Flyball, 8RD)
|
Batting: LHB Anacleto Morillo
|
0-0: Ball 1-0: Ball 2-0: Called Strike 2-1: Foul Ball, location: 2F 2-2: Foul Ball, location: 2F 2-2: Ball 3-2: Base on Balls
|
Batting: RHB Ismael Ortíz
|
0-0: Foul Ball, location: 2F 0-1: Called Strike 0-2: Strikes out swinging
|
Top of the 6th over - 0 runs, 0 hits, 0 errors, 1 left on base; Calgary 3 - Houston 9 |
BOTTOM OF THE 6TH |
Houston Hammertime batting - Pitching for Calgary Cowboys : RHP Esteban Alfonzo
|
Batting: RHB Santo Cruz
|
0-0: Called Strike 0-1: SINGLE (Groundball, 56S) (infield hit)
|
Batting: LHB Francisco Cardenas
|
0-0: Ball 1-0: Ball 2-0: Ball 3-0: Base on Balls Santo Cruz to second
|
Batting: LHB Marcos Cantú
|
0-0: Called Strike 0-1: Ball 1-1: Foul Ball, location: 2F 1-2: Foul Ball, location: 2F 1-2: Ball 2-2: Ball 3-2: Base on Balls Santo Cruz to third Francisco Cardenas to second
|
Batting: LHB Jeffrey Satterley
|
0-0: Ball 1-0: Ball 2-0: Ball 3-0: Base on Balls Santo Cruz scores Francisco Cardenas to third Marcos Cantú to second
|
Batting: LHB Dave Gordon
|
0-0: Ball 1-0: Foul Ball, location: 2F 1-1: Called Strike 1-2: Foul Ball, location: 2F 1-2: Grounds into double play, 1-2-3 (Groundball, 15S) Marcos Cantú to third Jeffrey Satterley to second
|
Batting: SHB Glenn Vadnais
|
0-0: Swinging Strike 0-1: Ball 1-1: Ball 2-1: Swinging Strike 2-2: Strikes out looking
|
Bottom of the 6th over - 1 run, 1 hit, 0 errors, 2 left on base; Calgary 3 - Houston 10 |
TOP OF THE 7TH |
Calgary Cowboys batting - Pitching for Houston Hammertime : LHP Martin White
|
Batting: RHB Luis Ibarra
|
0-0: Called Strike 0-1: Fly out, F4 (Flyball, 4D)
|
Batting: LHB Bo Rush
|
0-0: Called Strike 0-1: Ball 1-1: Foul Ball, location: 2F 1-2: Ball 2-2: Ball 3-2: Strikes out swinging
|
Batting: RHB César Rodríguez
|
0-0: Ball 1-0: Fly out, F7 (Line Drive, 78M)
|
Top of the 7th over - 0 runs, 0 hits, 0 errors, 0 left on base; Calgary 3 - Houston 10 |
BOTTOM OF THE 7TH |
Houston Hammertime batting - Pitching for Calgary Cowboys : RHP Esteban Alfonzo
|
Batting: RHB Juan Carlos
|
0-0: Ball 1-0: Swinging Strike 1-1: Ball 2-1: Swinging Strike 2-2: Fly out, F9 (Flyball, 9S)
|
Batting: RHB Raúl Salas
|
0-0: Ball 1-0: Fly out, F7 (Flyball, 7LMF)
|
Batting: RHB Jorge Barbosa
|
0-0: Ball 1-0: Ball 2-0: Ball 3-0: Base on Balls
|
Batting: RHB Santo Cruz
|
0-0: Called Strike 0-1: Foul Ball, location: 2F 0-2: Foul Ball, location: 2F 0-2: Ball 1-2: Fielders Choice at 2nd, 5-4 (Groundball, 56)
|
Bottom of the 7th over - 0 runs, 0 hits, 0 errors, 1 left on base; Calgary 3 - Houston 10 |
TOP OF THE 8TH |
Calgary Cowboys batting - Pitching for Houston Hammertime : LHP Martin White
|
Pitching: RHP António Sánchez
|
|
Batting: RHB Travis Colbert
|
0-0: Ball 1-0: Called Strike 1-1: Called Strike 1-2: SINGLE (Groundball, 6) (infield hit)
|
Batting: RHB Joe Lewis
|
0-0: Called Strike 0-1: Grounds into double play, 4-6-3 (Groundball, 4)
|
Batting: RHB Alfredo Hernández
|
0-0: Foul Ball, location: 2F 0-1: Foul Ball, location: 2F 0-2: Strikes out swinging
|
Top of the 8th over - 0 runs, 1 hit, 0 errors, 0 left on base; Calgary 3 - Houston 10 |
BOTTOM OF THE 8TH |
Houston Hammertime batting - Pitching for Calgary Cowboys : RHP Esteban Alfonzo
|
Batting: LHB Francisco Cardenas
|
0-0: Ball 1-0: Foul Ball, location: 2F 1-1: Ball 2-1: Called Strike 2-2: Ball 3-2: Strikes out looking
|
Batting: LHB Marcos Cantú
|
0-0: Ball 1-0: Ball 2-0: Swinging Strike 2-1: Called Strike 2-2: Ball 3-2: Base on Balls
|
Batting: LHB Jeffrey Satterley
|
0-0: Foul Ball, location: 2F 0-1: Ball 1-1: Ball 2-1: Ball 3-1: Swinging Strike 3-2: Base on Balls Marcos Cantú to second
|
Batting: LHB Dave Gordon
|
0-0: Called Strike 0-1: Swinging Strike 0-2: SINGLE (Groundball, 34D) Marcos Cantú to third Jeffrey Satterley to second Runner from 3rd tries for Home, SAFE, no throw
|
Pitching: RHP Mitsunari Jouda
|
|
Batting: SHB Glenn Vadnais
|
0-0: Fly out, F8 (Flyball, 78D)
|
Batting: RHB Juan Carlos
|
0-0: Called Strike 0-1: Ball 1-1: SINGLE (Groundball, 6MD) Jeffrey Satterley to third Dave Gordon to second Runner from 3rd tries for Home, SAFE, no throw
|
Batting: RHB Raúl Salas
|
0-0: Ball 1-0: Called Strike 1-1: Swinging Strike 1-2: Strikes out swinging
|
Bottom of the 8th over - 2 runs, 2 hits, 0 errors, 2 left on base; Calgary 3 - Houston 12 |
TOP OF THE 9TH |
Calgary Cowboys batting - Pitching for Houston Hammertime : RHP António Sánchez
|
Batting: LHB Dave Watt
|
0-0: Called Strike 0-1: Foul Ball, location: 2F 0-2: Strikes out swinging
|
Batting: LHB Anacleto Morillo
|
0-0: Called Strike 0-1: Ball 1-1: Ball 2-1: Foul Ball, location: 2F 2-2: Ball 3-2: SOLO HOME RUN (Line Drive, 7D), Distance : 365 ft
|
Batting: RHB Ismael Ortíz
|
0-0: Called Strike 0-1: Ball 1-1: Called Strike 1-2: SINGLE (Line Drive, 5)
|
Batting: RHB Luis Ibarra
|
0-0: Ball Wild Pitch! Ismael Ortíz to second 1-0: 2-RUN HOME RUN (Line Drive, 7D), Distance : 368 ft
|
Pitching: LHP Javier Galeas
|
|
Batting: LHB Bo Rush
|
0-0: Called Strike 0-1: Foul Ball, location: 2F 0-2: Foul Ball, location: 2F 0-2: Strikes out swinging
|
Batting: RHB César Rodríguez
|
0-0: SINGLE (Line Drive, 5)
|
Batting: RHB Travis Colbert
|
0-0: Ball 1-0: Fly out, F8 (Line Drive, 8RD)
|
Top of the 9th over - 3 runs, 4 hits, 0 errors, 1 left on base; Calgary 6 - Houston 12 |
|